 Dungeon Crawl Stone Soup version 0.30.1-11-g7821555f0a (webtiles) character file.

Game seed: 2252860906331712562

142 Okkudo the Chopper (level 5, -5/45 HPs)
             Began as a Hill Orc Monk on Dec 2, 2023.
             Slain by Crazy Yiuf
             ... wielding a +4 quarterstaff of chaos
              (9 damage)
             ... on level 2 of the Dungeon.
             The game lasted 00:04:46 (1544 turns).

Okkudo the Chopper (Hill Orc Monk)                  Turns: 1544, Time: 00:04:46

Health: -5/45      AC:  5    Str: 16    XL:     5   Next: 25%
Magic:  5/5        EV: 11    Int: 10    God:
Gold:   91         SH:  0    Dex: 13    Spells: 4/4 levels left

rFire   . . .        a - +0 hand axe
rCold   . . .        d - orb {light}
rNeg    . . .        j - +0 ring mail
rPois   .            (no helmet)
rElec   .            (no cloak)
rCorr   .            (no gloves)
SInv    .            (no boots)
Will    .....        (no amulet)
Stlth   +            g - +4 ring of slaying
HPRegen 0.27/turn    (no ring)
MPRegen 0.09/turn

%: no passive effects
@: glowing
A: no striking features
a: no special abilities


You were on level 2 of the Dungeon.
You visited 1 branch of the dungeon, and saw 2 of its levels.

You collected 91 gold pieces.

Inventory:

Hand Weapons
 a - a +0 hand axe (weapon)
Missiles
 o - 2 poisoned darts (quivered)
Armour
 d - an orb of light (worn)
 j - a +0 ring mail (worn)
Jewellery
 g - a +4 ring of slaying (left hand)
Scrolls
 b - a scroll of silence {unknown}
 k - a scroll of immolation {unknown}
 l - a scroll of teleportation {unknown}
 n - a scroll of blinking {unknown}
Potions
 c - a potion of ambrosia
 e - a potion of heal wounds {unknown}
 f - a potion of resistance {unknown}
 h - a potion of degeneration {unknown}
 i - a potion of mutation {unknown}
 m - a potion of magic {unknown}


   Skills:
 - Level 3.6 Fighting
 * Level 7.6 Axes
 - Level 2.4 Dodging


You had 4 spell levels left.
You didn't know any spells.
Your spell library contained the following spells:

 Spells                   Type           Power      Damage    Failure   Level
 Sting                    Tmut/Pois      0%         1d3       58%         1
 Blink                    Tloc           0%         N/A       73%         2
 Lesser Beckoning         Tloc           0%         N/A       73%         2
 Momentum Strike          Conj/Tloc      0%         3d8       73%         2


Dungeon Overview and Level Annotations

Branches:
Dungeon (2/15)

Altars:
The Shining One

Annotations:
D:2 Crazy Yiuf


Message History

Crazy Yiuf says, "Ghoul head infinity!"
Okay, then.
Press: ? - help, v - describe, . - travel A rock wall.
This square is lit by a halo.
You open the door. You completely miss Crazy Yiuf.
Crazy Yiuf hits you with a +4 quarterstaff of chaos!
Crazy Yiuf freezes you.
You slash Crazy Yiuf!
Crazy Yiuf is heavily wounded.
Crazy Yiuf closely misses you.
You hit Crazy Yiuf but do no damage.
Crazy Yiuf is heavily wounded.
You hit Crazy Yiuf.
Crazy Yiuf is heavily wounded.
Crazy Yiuf hits you with a +4 quarterstaff of chaos!
Crazy Yiuf freezes you.
* * * LOW HITPOINT WARNING * * *
You hit Crazy Yiuf but do no damage.
Crazy Yiuf is heavily wounded.
Crazy Yiuf barely misses you.
You hit Crazy Yiuf but do no damage.
Crazy Yiuf is heavily wounded.
Crazy Yiuf barely misses you.
You hit Crazy Yiuf but do no damage.
Crazy Yiuf is heavily wounded.
Crazy Yiuf hits you with a +4 quarterstaff of chaos!
* * * LOW HITPOINT WARNING * * *
You hit Crazy Yiuf.
Crazy Yiuf is severely wounded.
Crazy Yiuf closely misses you.
You hit Crazy Yiuf.
Crazy Yiuf is severely wounded.
Crazy Yiuf laughs, "Aardvark!
Race leg sing-song."
Crazy Yiuf barely misses you.
You hit Crazy Yiuf.
Crazy Yiuf is severely wounded.
Crazy Yiuf hits you with a +4 quarterstaff of chaos!
You die...

.##..###..#####....#
#.##..≈.#... #.#<##
#..# ##..##
#####...#.#. ##..#
#..# #....#
######....#.
##..####..# ##...#
#.........)†
.....#÷...# ##.##
###...######
..........# ##.#
#...### #
....÷#÷...# #.##
#..## # .....##...##
##.# ##..########
...).÷.....# #@##
#>.....[.#
.....##..### #g#
##.#####.##
.....##..### ... #.#
#... ...........##
#...# #.## ####
............# #)..#
#..## ##
.....##.##### #####
##..#####. ....###.#
##.......
†..####.### #####
#######. ...##.....#
##...# #.


You could see Crazy Yiuf.

Vanquished Creatures
  Natasha (thrice) (D:2)
  An adder (D:2)
  A dart slug (D:2)
  5 ball pythons
  4 bats
  3 endoplasms
  2 giant cockroaches (D:2)
  4 goblins
  5 hobgoblins
  13 jackals
  3 kobolds
  2 quokkas
  2 frilled lizards
  2 rats (D:1)
50 creatures vanquished.

Notes
Turn   | Place    | Note
-------+----------+-------------------------------------------
     0 | D:1      | Okkudo the Hill Orc Monk began the quest for the Orb.
     0 | D:1      | Reached XP level 1. HP: 19/19 MP: 1/1
   115 | D:1      | Reached XP level 2. HP: 26/26 MP: 2/2
   156 | D:1      | Reached skill level 5 in Axes
   389 | D:1      | Reached XP level 3. HP: 31/31 MP: 3/3
   804 | D:2      | Found a runed translucent door.
   805 | D:2      | Noticed Crazy Yiuf
   856 | D:2      | Reached skill level 6 in Axes
   880 | D:2      | Found a glowing golden altar of the Shining One.
  1080 | D:2      | Noticed Natasha
  1090 | D:2      | Killed Natasha
  1091 | D:2      | Reached XP level 4. HP: 9/39 MP: 4/4
  1271 | D:2      | Noticed Natasha
  1302 | D:2      | Reached skill level 7 in Axes
  1302 | D:2      | Killed Natasha
  1302 | D:2      | Noticed Natasha
  1303 | D:2      | Reached XP level 5. HP: 24/45 MP: 5/5
  1307 | D:2      | Killed Natasha
  1427 | D:2      | Found a faded altar of an unknown god.
  1435 | D:2      | Got Plato's Guide on Putrescence
  1544 | D:2      | Slain by Crazy Yiuf

Illustrated notes

Levels and vault maps discovered:
D:1:      dpeg_arrival_three_smaller_balls, layout_basic
D:2:      layout_rooms, shapermc_ecumenical_altar_rom_forum, basic_altar,
          hangedman_feature_mirror, uniq_natasha, uniq_crazy_yiuf_cottage

Skill      XL: |  1  2  3  4 |
---------------+-------------+-----
Axes           | 5 6 7 |  7.6
Fighting       | |  3.6
Dodging        | |  2.4

Action                     |  1- 3 |  4- 6 || total
---------------------------+-------+-------++-------
  Melee: Hand axe          |    79 |    33 ||   112
 Armour: Robe              |    12 |       ||    12
         Ring mail         |     9 |    12 ||    21
  Dodge: Dodged            |    61 |    31 ||    92
